Match 40926988
Unlisted

Match 40926988
End
Vickers Machine Gun Team
Construct Section Command Post
Selects Indian Artillery Battlegroup
Selects Indian Artillery Battlegroup
Dingo Light Scout Car
Infantry Section
Infantry Section
Infantry Section
Selects War Cry
Construct Platoon Command Post
Unlock M3 Stuart Light Tanks
M3 Stuart Light Tank
Selects Gurkha Rifles Section
Royal Engineer Section
Gurkha Rifles Section
Infantry Training
Selects Volunteer Infantry
Construct Company Command Post
Selects Artillery Saturation
Crusader II Medium Tank
War Cry
Selects Off-map Airburst Barrage
Off-map Airburst Barrage
Crusader II Medium Tank
Grenade Package
Selects BL5.5 Artillery Emplacement
Royal Engineer Section
Crusader II Medium Tank
Crusader II Medium Tank
STALKER4732
alicece2
Cleverslim
Lyara
Artinios
Major Max Moon
Pakkazull
nre_nuker
0
0

Comments sign in to comment!

No comments posted yet!